 Dungeon Crawl Stone Soup version 0.29-a0-297-g7659ce593d (webtiles) character file.

Game seed: 1776344130163171384

594 kae the Firebug (level 7, -2/41 HPs)
             Began as a Tengu Fire Elementalist on Mar 20, 2022.
             Succumbed to a scorpion's poison
             ... on level 4 of the Dungeon.
             The game lasted 00:03:02 (5527 turns).

kae the Firebug (Tengu Fire Elementalist)           Turns: 5527, Time: 00:03:03

Health: -2/41      AC:  3    Str:  5    XL:     7   Next: 39%
Magic:  10/22      EV: 14    Int: 23    God:
Gold:   168        SH:  0    Dex: 15    Spells: 4/13 levels left

rFire   . . .      SeeInvis +   (no weapon)
rCold   + . .      Faith    .   (no shield)
rNeg    . . .      Spirit   .   a - +0 robe
rPois   .          Reflect  .   m - +1 hat {SInv}
rElec   .          Harm     .   (no cloak)
rCorr   +          Rampage  .   (no gloves)
Will    .....                   (boots unavailable)
Stlth   ++........              (no amulet)
HPRegen 0.13/turn               q - ring of Levity {rCorr MP+9 Str-3 Int+6}
MPRegen 0.18/turn               j - ring of protection from cold

@: lethally poisoned (-2 -> -16), flying quickly and evasively, quick
A: beak, talons 3, nimble flight
a: no special abilities


You were on level 4 of the Dungeon.
You visited 1 branch of the dungeon, and saw 4 of its levels.

You collected 168 gold pieces.

Inventory:

Armour
 a - a +0 robe (worn)
 e - a +2 hat
 m - a +1 hat of see invisible (worn)
Jewellery
 j - a ring of protection from cold (right hand)
 q - the ring of Levity (left hand) {rCorr MP+9 Str-3 Int+6}
   (You found it on level 3 of the Dungeon)

   [ring of resist corrosion]

   Str:       It affects your strength (-3).
   Int:       It affects your intelligence (+6).
   MP:        It affects your magic capacity (+9).
   rCorr:     It protects you from acid and corrosion.
 s - an amulet of reflection
 w - a ring of positive energy
Wands
 v - a wand of iceblast (13)
Scrolls
 c - a scroll of teleportation
 n - a scroll of magic mapping {unknown}
 p - a scroll of holy word
 t - a scroll of noise {unknown}
 u - a scroll of identify
Potions
 b - 2 potions of magic
 d - 3 potions of berserk rage
 f - 2 potions of invisibility
 g - 3 potions of heal wounds {unknown}
 h - a potion of lignification {unknown}
 i - a potion of degeneration {unknown}
 k - a potion of might {unknown}
 l - 2 potions of curing {unknown}
 o - a potion of haste {unknown}
 r - a potion of attraction {unknown}


   Skills:
 + Level 3.1 Fighting
 - Level 2.1 Dodging
 - Level 2.0 Stealth
 + Level 3.7 Spellcasting
 + Level 4.5 Conjurations
 * Level 6.2 Fire Magic


You had 4 spell levels left.
You knew the following spells:

 Your Spells              Type           Power      Damage    Failure   Level
a - Foxfire               Conj/Fire      100%       2x1d9     1%          1
b - Scorch                Fire           66%        2d8       1%          2
c - Conjure Flame         Conj/Fire      29%        6-21      3%          3
d - Inner Flame           Hex/Fire       18%        N/A       9%          3

Your spell library contained the following spells:

 Spells                   Type           Power      Damage    Failure   Level
 Flame Wave               Conj/Fire      29%        2d8       12%         4
 Blink                    Tloc           8%         N/A       16%         2
 Manifold Assault         Tloc           4%         N/A       96%         5
 Storm Form               Tmut/Air       2%         N/A       100%        7


Dungeon Overview and Level Annotations

Branches:
Dungeon (4/15)
 Temple: D:4-7

Altars:

Annotations:
D:3 Pargi
D:4 Sigmund


Innate Abilities, Weirdness & Mutations

You have a beak for a mouth.
You have claws for feet.
Your magical nature lets you fly swiftly and evasively.


Message History

Casting: Scorch (safe; 1% risk of failure)
Confirm with . or Enter, or press ? or * to list all spells.
Flames lash the phantom.
The phantom is burned terribly!
You destroy the phantom!
Casting: Scorch (safe; 1% risk of failure)
Confirm with . or Enter, or press ? or * to list all spells.
Flames lash the scorpion.
The scorpion is moderately wounded.
The scorpion's fire resistance burns away.
The scorpion stings you! The scorpion stings you.
You are poisoned.
The scorpion poisons you!
You feel very sick. The scorpion completely misses you.
Casting: Scorch (safe; 1% risk of failure)
Confirm with . or Enter, or press ? or * to list all spells.
Flames lash the scorpion but do no damage.
You feel very sick. The scorpion barely misses you.
You feel sick.
The scorpion is no longer more vulnerable to fire.
The scorpion misses you.
Casting: Scorch (safe; 1% risk of failure)
Confirm with . or Enter, or press ? or * to list all spells.
Flames lash the scorpion.
The scorpion is heavily wounded.
The scorpion's fire resistance burns away.
You feel sick. The scorpion stings you.
You feel sick. The scorpion barely misses you. The scorpion stings you.
* * * LOW HITPOINT WARNING * * *
You are lethally poisoned!
The scorpion poisons you!
Casting: Scorch (safe; 1% risk of failure)
Confirm with . or Enter, or press ? or * to list all spells.
Flames lash the scorpion.
The scorpion is heavily wounded.
* * * LOW HITPOINT WARNING * * *
You feel very sick. The scorpion barely misses you.
You die...

######## ###......#
#######..........##
#.......## #......
#.......... ##...##
#.@###..### ##.##
#.s## .#######<#
#...##..........#
#......########'##
###.#### ##...##
#.### ##.....#
#.#.## ##.......
#....####........
##.......'........


You could see a scorpion (combustible).

Vanquished Creatures
  A phantom (D:4)
  A necrophage (D:3)
  A gnoll sergeant (D:4)
  A scorpion (D:4)
  A gnoll shaman (D:3)
  2 hounds
  Jessica (D:3)
  7 gnolls
  9 adders
  2 worms (D:3)
  A dart slug (D:2)
  10 orcs (D:4)
  5 ball pythons
  3 endoplasms
  3 giant cockroaches
  4 goblins
  6 quokkas
  2 bats (D:1)
  2 frilled lizards
  5 kobolds
  5 rats
72 creatures vanquished.

Vanquished Creatures (collateral kills)
  5 foxfires
5 creatures vanquished.

Vanquished Creatures (others)
  171 foxfires
171 creatures vanquished.

Grand Total: 248 creatures vanquished

Notes
Turn   | Place    | Note
-------+----------+-------------------------------------------
     0 | D:1      | kae the Tengu Fire Elementalist began the quest for the
                  | Orb.
     0 | D:1      | Reached XP level 1. HP: 10/10 MP: 4/4
    84 | D:1      | Found a faded altar of an unknown god.
   645 | D:1      | Reached XP level 2. HP: 16/16 MP: 1/6
  1306 | D:2      | Learned a level 2 spell: Scorch
  1334 | D:2      | Reached XP level 3. HP: 20/20 MP: 5/7
  1338 | D:2      | Learned a level 3 spell: Conjure Flame
  1879 | D:2      | Reached skill level 1 in Fighting
  1879 | D:2      | Reached skill level 4 in Fire Magic
  2192 | D:3      | Noticed Jessica
  2200 | D:3      | Killed Jessica
  2201 | D:3      | Reached XP level 4. HP: 25/25 MP: 3/8
  2309 | D:3      | Noticed Pargi
  3074 | D:3      | Noticed a necrophage
  3087 | D:3      | Killed a necrophage
  3088 | D:3      | Gained mutation: Your magical nature lets you fly swiftly
                  | and evasively. [Tengu growth]
  3088 | D:3      | Reached XP level 5. HP: 28/30 MP: 5/10
  3118 | D:3      | Reached skill level 5 in Fire Magic
  3457 | D:3      | Reached XP level 6. HP: 29/35 MP: 3/11
  3604 | D:3      | Identified the ring of Levity {rCorr MP+9 Str-3 Int+6}
  4595 | D:4      | Noticed Sigmund
  4830 | D:4      | Learned a level 3 spell: Inner Flame
  5033 | D:4      | Reached XP level 7. HP: 6/40 MP: 12/13
  5301 | D:4      | Reached skill level 6 in Fire Magic
  5526 | D:4      | HP: 1/41 [poisoned by a scorpion]
  5527 | D:4      | Succumbed to a scorpion's poison

Illustrated notes

Levels and vault maps discovered:
D:1:      dpeg_arrival_three_smaller_balls, layout_loops_ring,
          dreamdust_ecumenical_altar_grove, nrook_uturn, nicolae_grassy_gnolls
D:2:      layout_loops_ring, dreamdust_mushroom_princess
D:3:      minmay_octagon_keep, layout_loops_ring, uniq_jessica, uniq_pargi,
          uniq_crazy_yiuf_cottage
D:4:      layout_loops_corners, minmay_misc_feat_x, uniq_sigmund

Skill      XL: |  1  2  3  4  5  6  7 |
---------------+----------------------+-----
Conjurations   | 2 3 4 |  4.5
Fighting       | 1 2 3 |  3.1
Fire Magic     | 4 5 6 |  6.2
Spellcasting   | 3 |  3.7
Dodging        | |  2.1
Stealth        | |  2.0

Action                   |  1- 3 |  4- 6 |  7- 9 || total
-------------------------+-------+-------+-------++-------
Melee: Unarmed           |    12 |    17 |       ||    29
       Kick              |     5 |     5 |       ||    10
       Peck              |     2 |     3 |       ||     5
 Cast: Foxfire           |    46 |    68 |     2 ||   116
       Scorch            |       |    29 |    18 ||    47
       Conjure Flame     |       |     1 |       ||     1
  Use: Scroll            |     3 |     6 |       ||     9
Armor: Robe              |     5 |    10 |       ||    15
Dodge: Dodged            |     7 |    42 |    14 ||    63

Table legend: (Time is in decaauts)
 A = Elapsed time spent in this place.
 B = Non-inter-level travel time spent in this place.
 C = Inter-level travel time spent in this place.
 D = Time resting spent in this place.
 E = Time spent auto-exploring this place.
 F = Levels seen in this place.
 G = Mean time per level.
                   A        B        C        D        E       F      G
               +--------+--------+--------+--------+--------+-----+--------+
         Total |   5424 |   5161 |    263 |    355 |   4129 |   4 | 1356.0 |
       Dungeon |   5424 |   5161 |    263 |    355 |   4129 |   4 | 1356.0 |
               +--------+--------+--------+--------+--------+-----+--------+

Top non-repeatable levels by time:
     D:3: 1999 daAuts
     D:1: 1297 daAuts
     D:4: 1232 daAuts
     D:2: 895 daAuts
